 Dungeon Crawl Stone Soup version 0.27-a0-1590-g15f69828bf (webtiles) character file.

Game seed: 11706075537121743908

193058 Zonian the Covert (level 18, 0/95 HPs)
             Began as a Vine Stalker Conjurer on July 17, 2021.
             Was a Believer of Uskayaw.
             Killed from afar by Nikola (33 damage)
             ... with an arc of chain lightning
             ... on level 1 of the Swamp on July 18, 2021.
             The game lasted 02:32:09 (52955 turns).

Zonian the Covert (Vine Stalker Conjurer)          Turns: 52955, Time: 02:32:10

Health: 0/95       AC: 23    Str: 12    XL:     18   Next: 25%
Magic:  0/33       EV: 15    Int: 23    God:    Uskayaw [**....]
Gold:   392        SH:  9    Dex: 23    Spells: 4/38 levels left

rFire    . . .     SeeInvis +   l - +6 dagger (speed)
rCold    x . .     Faith    +   S - +3 buckler
rNeg     + . .     Spirit   +   W - +5 ring mail of the Boiling Point {rN+ Int+5}
rPois    .         Reflect  .   D - +2 helmet
rElec    +         Harm     .   O - +2 cloak {Stlth+}
rCorr    .         Rampage  +   q - +2 pair of gloves
Will     +++..                  H - +2 pair of boots {rampage}
Stlth    +++++++...             J - amulet of faith
HPRegen  1.25/turn              B - ring of Plog {rElec rC- Will+ Dex+4}
MPRegen  0.23/turn              i - ring of see invisible

@: confusing by touch, studying Fighting
A: fangs 3, regeneration 1, magic shield, antimagic bite, no potion heal 2
}: 1/15 runes: gossamer
a: Renounce Religion, Stomp, Line Pass


You were on level 1 of the Swamp.
You worshipped Uskayaw.
Uskayaw was aware of your devotion.
You visited 6 branches of the dungeon, and saw 29 of its levels.

You collected 3729 gold pieces.
You spent 3337 gold pieces at shops.

Inventory:

Hand Weapons
 a - a +2 dagger of electrocution
 h - a +2 short sword of holy wrath
 l - a +6 dagger of speed (weapon)
 p - the +8 broad axe of Strategic Superiority {venom, Int+2}
   (You bought it in a shop on level 12 of the Dungeon)

   It poisons the flesh of those it strikes.
   Int:       It affects your intelligence (+2).
 I - a +3 scimitar
Missiles
 c - 4 curare-tipped darts
 w - 7 boomerangs of dispersal
 C - 3 silver javelins
 K - 99 sling bullets
Armour
 m - the +4 robe "Isymeyn" {*Corrode rPois rC+}
   (You found it on level 12 of the Dungeon)

   rC:        It protects you from cold.
   rPois:     It protects you from poison.
   *Corrode:  It may corrode you when you take damage.
 q - a +2 pair of gloves (worn)
 D - a +2 helmet (worn)
 H - a +2 pair of boots of rampaging (worn)
 O - a +2 cloak of stealth (worn)
 S - a +3 buckler (worn)
 W - the +5 ring mail of the Boiling Point (worn) {rN+ Int+5}
   (You bought it in a shop on level 7 of the Dungeon)

   Int:       It affects your intelligence (+5).
   rN:        It protects you from negative energy.
Jewellery
 b - a ring of wizardry
 i - a ring of see invisible (right hand)
 o - a +4 ring of protection
 v - a ring of ice
 B - the ring of Plog (left hand) {rElec rC- Will+ Dex+4}
   (You found it on level 6 of the Dungeon)

   [ring of willpower]

   Dex:       It affects your dexterity (+4).
   rC:        It makes you vulnerable to cold.
   rElec:     It insulates you from electricity.
   Will:      It increases your willpower.
 J - an amulet of faith (around neck)
 T - a ring of poison resistance
 Z - a ring of protection from fire
Wands
 e - a wand of mindburst (12)
 f - a wand of polymorph (10)
 s - a wand of flame (99)
 G - a wand of paralysis (27)
 M - a wand of digging (7)
 N - a wand of charming (19)
Scrolls
 n - a scroll of magic mapping
 r - 6 scrolls of teleportation
 t - 13 scrolls of identify
 x - a scroll of fear
 z - a scroll of blinking
 P - 4 scrolls of fog
 U - a scroll of holy word
 V - 3 scrolls of summoning
Potions
 d - 2 potions of invisibility
 g - 3 potions of might
 j - 3 potions of brilliance
 k - 6 potions of ambrosia
 u - 8 potions of curing
 A - 9 potions of haste
 E - 3 potions of magic
 F - 2 potions of flight
 L - 2 potions of resistance
 Q - 3 potions of berserk rage
 R - 4 potions of cancellation
Miscellaneous
 X - a phantom mirror
 Y - a tin of tremorstones (2/2)


   Skills:
 + Level 10.8 Fighting
 - Level 10.0 Short Blades
 + Level 1.6 Axes
 - Level 4.0 Armour
 - Level 6.4 Dodging
 + Level 14.8 Stealth
 - Level 4.0 Shields
 - Level 10.6 Spellcasting
 - Level 11.9 Conjurations
 + Level 9.1 Hexes
 - Level 10.9 Translocations
 + Level 5.6 Air Magic
 - Level 11.2 Invocations
 - Level 7.0 Evocations


You had 4 spell levels left.
You knew the following spells:

 Your Spells              Type           Power      Damage    Failure   Level
a - Magic Dart            Conj           100%       1d8       1%          1
b - Searing Ray           Conj           100%       3d7       1%          2
c - Iskenderun's Mystic   Conj/Tloc      59%        2d12      1%          4
d - Dazzling Flash        Conj/Hex       100%       N/A       1%          3
e - Confusing Touch       Hex            52%        N/A       1%          3
f - Swiftness             Air            38%        N/A       3%          3
g - Fulminant Prism       Conj/Hex       28%        3d14      1%          4
h - Iskenderun's Battles  Conj           61%        2d11      2%          5
i - Airstrike             Air            19%        N/A       11%         4
j - Lightning Bolt        Conj/Air       25%        1d41      9%          5

Your spell library contained the following spells:

 Spells                   Type           Power      Damage    Failure   Level
 Apportation              Tloc           100%       N/A       1%          1
 Corona                   Hex            57%        N/A       1%          1
 Shock                    Conj/Air       100%       1d9       1%          1
 Slow                     Hex            52%        N/A       1%          2
 Static Discharge         Conj/Air       51%        N/A       1%          2
 Tukima's Dance           Hex            52%        N/A       1%          3
 Passage of Golubria      Tloc           N/A        N/A       1%          4
 Cause Fear               Hex            26%        N/A       2%          4
 Poisonous Vapours        Pois/Air       50%        N/A       5%          2
 Inner Flame              Hex/Fire       33%        N/A       5%          3
 Sticky Flame             Conj/Fire      39%        2d6       10%         4
 Animate Skeleton         Necr           24%        N/A       12%         1
 Sting                    Tmut/Pois      48%        1d5       12%         1
 Summon Small Mammal      Summ           48%        N/A       12%         1
 Ozocubu's Armour         Ice            12%        N/A       34%         3
 Spider Form              Tmut/Pois      6%         N/A       34%         3
 Vampiric Draining        Necr           6%         2d6       34%         3
 Summon Lightning Spire   Summ/Air       25%        N/A       34%         4
 Dispel Undead            Necr           12%        3d9       75%         4
 Olgreb's Toxic Radiance  Pois           12%        N/A       75%         4
 Silence                  Hex/Air        23%        N/A       16%         5
 Freezing Cloud           Conj/Ice/Air   19%        6-21      28%         5
 Metabolic Englaciation   Hex/Ice        16%        N/A       43%         5
 Yara's Violent Unravell  Hex/Tmut       16%        3d8       43%         5
 Conjure Ball Lightning   Conj/Air       25%        3x3d7     43%         6
 Iron Shot                Conj/Erth      19%        9d4       83%         6
 Agony                    Necr           12%        N/A       97%         5
 Lee's Rapid Deconstruct  Erth           6%         3d7*      97%         5
 Simulacrum               Ice/Necr       6%         N/A       100%        6
 Dragon Form              Tmut           6%         N/A       100%        7
 Malign Gateway           Summ/Tloc      18%        N/A       100%        7
 Spellforged Servitor     Conj/Summ      19%        N/A       100%        7
 Discord                  Hex            26%        N/A       100%        8
 Summon Horrible Things   Summ           6%         N/A       100%        8
 Chain Lightning          Conj/Air       25%        3d34      100%        9
 Dragon's Call            Summ           6%         N/A       100%        9


Dungeon Overview and Level Annotations

Branches:
Dungeon (15/15)            Temple (1/1) D:6            Lair (6/6) D:10
  Swamp (1/4) Lair:3       Spider (4/4) Lair:2        Slime (0/5) Lair:5
    Orc (2/2) D:11            Elf (0/3) Orc:2        Vaults (0/5) D:13
 Depths (0/5) D:15

Altars:
Ashenzari
Cheibriados
Dithmenos
Elyvilon
Fedhas
Gozag
Hepliaklqana
Kikubaaqudgha
Makhleb
Nemelex Xobeh
Okawaru
Qazlal
Ru
Sif Muna
Trog
Uskayaw
Vehumet
Wu Jian
Xom
Yredelemnul
Zin
The Shining One
Beogh
Jiyva

Shops:
D:1 *   D:2 (   D:4 !?!   D:7 [   D:12 (   Orc:1 :   Orc:2 :*:[(

Annotations:
D:13 Rupert
D:14 3 runed translucent doors, Sennair's ghost, journeyman FoFi
Swamp:1 Nikola


Innate Abilities, Weirdness & Mutations

You have razor-sharp teeth.
Your natural rate of healing is unusually fast.
When hurt, damage is shared between your health and your magic reserves.
Your bite disrupts and absorbs the magic of your enemies.
Potions cannot restore your health.


Message History

A bolt of lightning appears from out of thin air!
The bolt of lightning hits Nikola!
Unknown command.
Casting: Confusing Touch (safe; 1% risk of failure)
Confirm with . or Enter, or press ? or * to list all spells.
You erupt in a blast of force!
The mystic blast hits Nikola!
Nikola is lightly wounded.
Nikola is knocked back by the mystic blast.
Unknown command.
Aiming: Corrosive Bolt
Press: ? - help, Shift-Dir - straight line, f - Nikola
Aim: Nikola, wielding a +1 rapier of electrocution, wearing a +1 cloak of willpower and wearing a +0 pair of gloves (lightly wounded, chance to confuse on hit: 0%, 77% to hit)
The bolt of acid hits Nikola!!
Nikola is splashed with acid.
The acid corrodes Nikola!
Nikola is moderately wounded.
Casting: Iskenderun's Mystic Blast (mildly dangerous; 1% risk of failure)
Confirm with . or Enter, or press ? or * to list all spells.
You erupt in a blast of force!
The mystic blast hits Nikola!
Nikola is heavily wounded.
Nikola is knocked back by the mystic blast.
You can now pass through a line of other dancers.
Unknown command.
Aiming: Corrosive Bolt
Press: ? - help, Shift-Dir - straight line, f/p - Nikola
Aim: Nikola, wielding a +1 rapier of electrocution, wearing a +1 cloak of willpower and wearing a +0 pair of gloves (heavily wounded, covered in acid, chance to confuse on hit: 0%, 77% to hit)
The bolt of acid hits Nikola!!
Nikola is splashed with acid.
Nikola is heavily wounded.
Nikola drinks a potion.
Nikola is healed!
Aiming: Mindburst
Press: ? - help, Shift-Dir - straight line, f/p - Nikola
Aim: Nikola, wielding a +1 rapier of electrocution, wearing a +1 cloak of willpower and wearing a +0 pair of gloves (heavily wounded, covered in acid, chance to confuse on hit: 0%, chance to affect: 0%)
Okay, then.
Aiming: Corrosive Bolt
Press: ? - help, Shift-Dir - straight line, f/p - Nikola
Aim: Nikola, wielding a +1 rapier of electrocution, wearing a +1 cloak of willpower and wearing a +0 pair of gloves (heavily wounded, covered in acid, chance to confuse on hit: 0%, 77% to hit)
The bolt of acid misses Nikola.
The now-empty wand crumbles to dust.
Nikola casts a spell.
Lightning arcs from Nikola's hands!
The bolt of lightning hits you!! You resist.
You die...

≈≈§≈≈≈≈§§............≈.§..≈≈.
≈≈≈≈≈≈≈≈.....#.#.#.......♣♣
≈≈≈≈≈≈≈≈(.##.#.......♣≈≈.≈♣..
≈≈...≈≈...)............≈≈...≈
≈≈..≈≈.........##.##.≈..≈≈..♣
..♣.≈≈≈≈.......##.##.≈≈.≈≈≈♣♣
♣♣♣♣♣♣♣♣.#.###....##.≈≈..§♣♣ ≈..
♣... #....##.≈≈.♣♣♣ §§≈ ♣♣..
.#..@..†≈≈≈≈♣♣ ≈≈.
♣♣............♣≈≈♣ ♣.≈ §§♣
≈≈........≈≈..≈≈♣♣♣≈.≈≈ ≈≈♣
♣♣♣♣§≈≈≈≈§≈≈≈≈..≈≈≈..≈≈≈♣§≈
..♣♣♣♣.♣♣≈.....♣♣♣§§@.§≈....≈.≈♣
...≈♣...♣♣...^...≈......≈≈≈≈≈≈.♣
≈.≈..≈≈.).♣♣♣♣♣≈≈.≈♣≈≈...≈≈≈≈≈.♣
≈≈≈..≈≈....♣ ♣♣♣♣♣♣♣≈...≈≈≈≈≈≈♣
≈≈.♣♣.≈≈..≈♣ ♣♣≈≈≈.≈≈..≈≈.....♣


You could see Nikola (corroded).

Vanquished Creatures
  Jorgrun (Orc:2)
  4 emperor scorpions
  5 ghost moths
  An orc warlord (Orc:2)
  An ironbound preserver (D:13)
  Nessos (D:12)
  2 entropy weavers
  A spark wasp (Spider:4)
  A bunyip (Swamp:1)
  Josephine (Lair:5)
  A fire dragon (Lair:6)
  Erolcha (D:10)
  14 hydras
  A ghost crab (Swamp:1)
  5 boulder beetles
  A death knight (D:13)
  3 centaur warriors
  7 two-headed ogres
  2 catoblepae
  6 death yaks (Lair:5)
  2 alligators
  2 tengu warriors
  4 orc high priests
  Sonja (D:12)
  Nergalle (Lair:2)
  2 swamp dragons
  2 wizards (D:15)
  A harpy (shapeshifter) (D:14)
  2 deep elf pyromancers
  8 orc knights
  A lindwurm (Lair:6)
  A bog body (Swamp:1)
  A necromancer (D:15)
  A wolf spider zombie (D:15)
  18 orb spiders
  29 wolf spiders
  3 orc sorcerers
  16 ugly things
  4 cyclopes
  3 manticores
  8 elephants
  9 black mambas
  3 moths of wrath
  Maurice (D:8)
  A naga mage (D:15)
  3 centaur skeletons (D:15)
  2 gargoyles
  A torpor snail (shapeshifter) (D:15)
  Maggie (Lair:1)
  2 torpor snails
  4 rime drakes
  10 cane toads
  6 komodo dragons
  5 kobold demonologists
  A freezing wraith (D:15)
  An efreet (D:13)
  3 tengu conjurers
  12 demonic crawlers
  8 trolls
  3 meliai (D:13)
  32 jumping spiders
  8 hornets
  2 tyrant leeches (Swamp:1)
  6 slime creatures
  28 blink frogs
  10 dream sheep (Lair:6)
  Sigmund (D:2)
  2 centaur simulacra (D:15)
  2 vampires
  3 shadows
  102 redbacks
  73 yaks
  8 wraiths
  42 tarantellas
  5 wyverns
  3 steam dragons
  5 basilisks
  18 vampire mosquitoes
  2 wargs (Orc:2)
  7 swamp worms
  6 acid dragons
  11 water moccasins
  2 swamp drakes (Lair:6)
  2 black bears
  A meliai simulacrum (D:15)
  41 orc warriors
  2 sky beasts
  8 centaurs
  3 necrophages
  An ogre (Orc:2)
  16 wolves
  6 kobold brigands
  14 bullfrogs
  2 scorpions
  5 wights
  10 killer bees
  3 electric eels
  A howler monkey (D:11)
  A centaur zombie (D:8)
  2 jellies
  A gnoll shaman (D:4)
  15 orc priests
  A bullfrog skeleton (D:6)
  A hound (D:2)
  7 iguanas
  Jessica (D:2)
  Ijyb (D:3)
  24 orc wizards
  3 howler monkey zombies
  Robin (D:4)
  3 gnolls (D:4)
  A howler monkey skeleton (D:2)
  5 adders
  2 white imps
  2 ufetubi
  3 worms
  A dart slug (D:2)
  53 orcs
  6 endoplasms
  3 giant cockroaches
  16 goblins
  12 hobgoblins
  11 jackals
  30 kobolds
  3 quokkas
  3 ball pythons
  6 bats
  6 frilled lizards
  11 rats
973 creatures vanquished.

Vanquished Creatures (collateral kills)
  A wyvern (D:8)
  A sky beast (D:8)
  An orc wizard (D:8)
  An orc (D:8)
4 creatures vanquished.

Vanquished Creatures (others)
  An orb spider (Spider:2)
  A moth of wrath (Spider:4)
  A bloated husk (Swamp:1)
  A tarantella (Spider:4)
  An orc warrior (Orc:2)
  A fulminant prism (Spider:3)
  32 fungi
  30 plants
68 creatures vanquished.

Grand Total: 1045 creatures vanquished

Notes
Turn   | Place    | Note
-------+----------+-------------------------------------------
     0 | D:1      | Zonian the Vine Stalker Conjurer began the quest for the
                  | Orb.
     0 | D:1      | Reached XP level 1. HP: 9/9 MP: 4/4
   200 | D:1      | Reached XP level 2. HP: 5/13 MP: 0/6
  1327 | D:1      | Reached XP level 3. HP: 10/16 MP: 4/7
  1915 | D:1      | Found Posheofax's General Store.
  2088 | D:2      | Noticed Jessica
  2248 | D:2      | Found Orphucw's Weapon Shop.
  2568 | D:2      | Killed Jessica
  2569 | D:2      | Reached skill level 3 in Stealth
  2569 | D:2      | Gained mutation: Your natural rate of healing is unusually
                  | fast. [Vine Stalker growth]
  2569 | D:2      | Reached XP level 4. HP: 10/21 MP: 1/8
  3060 | D:2      | Reached skill level 1 in Fighting
  3060 | D:2      | Reached skill level 1 in Short Blades
  3060 | D:2      | Reached skill level 5 in Conjurations
  3060 | D:2      | Reached XP level 5. HP: 25/25 MP: 5/9
  3068 | D:2      | Learned a level 2 spell: Searing Ray
  3279 | D:2      | Noticed Sigmund
  3810 | D:2      | Bought a +0 dagger of speed for 80 gold pieces
  4052 | D:2      | Learned a level 4 spell: Iskenderun's Mystic Blast
  4425 | D:2      | Killed Sigmund
  4426 | D:2      | Reached XP level 6. HP: 30/30 MP: 7/11
  4570 | D:3      | Noticed Ijyb
  5036 | D:3      | Killed Ijyb
  5497 | D:3      | Identified a scroll of acquirement
  5497 | D:3      | Acquired 289 gold pieces
  5573 | D:1      | Bought a scroll of enchant weapon for 90 gold pieces
  5573 | D:1      | Bought a scroll of enchant armour for 90 gold pieces
  6563 | D:4      | Reached XP level 7. HP: 33/33 MP: 7/12
  6564 | D:4      | Found Ugriu's Distillery.
  6574 | D:4      | Bought a potion of curing for 36 gold pieces
  6574 | D:4      | Bought a potion of might for 48 gold pieces
  6574 | D:4      | Bought a potion of curing for 36 gold pieces
  6583 | D:4      | Found Gukhlatav's Distillery.
  6624 | D:4      | Reached skill level 4 in Stealth
  6889 | D:4      | Noticed Robin
  6916 | D:4      | Killed Robin
  7256 | D:4      | Found Roci's Magic Scroll Shop.
  7264 | D:4      | Bought a scroll of enchant weapon for 105 gold pieces
  7390 | D:5      | Entered Level 5 of the Dungeon
  7406 | D:5      | Reached skill level 1 in Translocations
  7829 | D:5      | Noticed a troll
  8097 | D:5      | Killed a troll
  8098 | D:5      | Gained mutation: You have razor-sharp teeth. [Vine Stalker
                  | growth]
  8098 | D:5      | Reached XP level 8. HP: 31/37 MP: 3/15
  8742 | D:5      | Found a glowing golden altar of the Shining One.
  8742 | D:5      | Found a faded altar of an unknown god.
  8749 | D:5      | Found an ancient bone altar of Kikubaaqudgha.
  8779 | D:5      | Found an iron altar of Okawaru.
  8781 | D:5      | Found a bloodstained altar of Trog.
  9329 | D:6      | Identified the ring of Plog {rElec rC- Will+ Dex+4}
  9626 | D:6      | Found a staircase to the Ecumenical Temple.
  9647 | D:6      | Noticed a two-headed ogre
  9649 | Temple   | Entered the Ecumenical Temple
  9968 | Temple   | Became a worshipper of Uskayaw the Reveller
 10210 | D:6      | Reached * piety under Uskayaw
 10945 | D:6      | Reached ** piety under Uskayaw
 10998 | D:6      | Reached skill level 5 in Spellcasting
 11008 | D:6      | Reached *** piety under Uskayaw
 11333 | D:6      | Killed a two-headed ogre
 11334 | D:6      | Reached skill level 5 in Short Blades
 11334 | D:6      | Reached XP level 9. HP: 32/42 MP: 7/18
 11581 | D:7      | Found Quabbuzi's Antique Armour Shoppe.
 11630 | D:4      | Bought a scroll of enchant weapon for 105 gold pieces
 12018 | D:7      | Noticed a cyclops
 12111 | D:7      | Killed a cyclops
 12112 | D:7      | Reached skill level 5 in Stealth
 12320 | D:7      | Found a shadowy altar of Dithmenos.
 12425 | D:7      | Reached **** piety under Uskayaw
 12682 | D:7      | Noticed a deep elf pyromancer
 12696 | D:7      | Killed a deep elf pyromancer
 12697 | D:7      | Reached XP level 10. HP: 20/46 MP: 2/20
 13569 | D:7      | Identified the +0 robe of the Four Heavens {rElec rF+
                  | Str+3}
 13616 | D:7      | Identified the +9 plate armour of Freedom {rElec rN+ MP+9
                  | Str+4}
 14095 | D:8      | Reached skill level 5 in Translocations
 14316 | D:8      | Noticed Maurice
 14320 | D:8      | Killed Maurice
 14327 | D:8      | Reached skill level 6 in Stealth
 14330 | D:8      | Reached ***** piety under Uskayaw
 14451 | D:7      | Bought a pair of embroidered boots for 112 gold pieces
 16029 | D:8      | Noticed a two-headed ogre
 16031 | D:8      | Killed a two-headed ogre
 16032 | D:8      | Reached XP level 11. HP: 52/52 MP: 22/22
 16111 | D:9      | Noticed a two-headed ogre
 16384 | D:8      | Reached skill level 7 in Stealth
 16388 | D:8      | Reached skill level 5 in Invocations
 16540 | D:9      | Noticed a boulder beetle
 16637 | D:9      | Noticed a cyclops
 16655 | D:9      | Killed a cyclops
 17053 | D:9      | Killed a two-headed ogre
 17872 | D:9      | Killed a boulder beetle
 18042 | D:9      | Found Zin's Purification Station.
 18046 | D:9      | Found a glowing silver altar of Zin.
 18200 | D:10     | Entered Level 10 of the Dungeon
 18259 | D:10     | Learned a level 3 spell: Dazzling Flash
 18271 | D:10     | Noticed Erolcha
 18299 | D:10     | Noticed a two-headed ogre
 18308 | D:10     | Killed a two-headed ogre
 18554 | D:10     | Reached skill level 1 in Hexes
 18862 | D:10     | Noticed a tengu warrior
 18909 | D:10     | Killed a tengu warrior
 19298 | D:10     | Found a staircase to the Lair.
 19621 | D:10     | Killed Erolcha
 19622 | D:10     | Reached skill level 8 in Stealth
 19622 | D:10     | Reached skill level 1 in Shields
 19845 | Lair:1   | Entered Level 1 of the Lair of Beasts
 20046 | D:7      | Bought a dazzling ring mail for 135 gold pieces
 20046 | D:7      | Identified the +5 ring mail of the Boiling Point {rN+
                  | Int+5} (You bought it in a shop on level 7 of the Dungeon)
 20302 | Lair:1   | Noticed Maggie
 20393 | Lair:1   | You fall into a shaft and drop 1 floor!
 20393 | Lair:2   | Found a hole to the Spider Nest.
 20404 | Lair:2   | Noticed a seven-headed hydra
 20413 | Lair:2   | Reached XP level 12. HP: 58/58 MP: 24/24
 20857 | Lair:1   | Reached skill level 1 in Armour
 21044 | Lair:1   | Killed Maggie
 21468 | D:7      | Bought an embroidered cloak for 112 gold pieces
 21614 | Lair:2   | Reached skill level 9 in Stealth
 21665 | Lair:2   | Noticed Nergalle
 21714 | Lair:2   | Noticed a four-headed hydra
 21727 | Lair:2   | Killed a four-headed hydra
 22004 | D:7      | Bought a glowing hat for 105 gold pieces
 22398 | Lair:2   | Killed Nergalle
 22535 | Lair:2   | Noticed an eight-headed hydra
 22545 | Lair:2   | Killed an eight-headed hydra
 22559 | Lair:2   | Killed a seven-headed hydra
 22560 | Lair:2   | Reached XP level 13. HP: 30/63 MP: 12/25
 23536 | Lair:3   | Found a radiant altar of Vehumet.
 23592 | Lair:3   | Acquired 745 gold pieces
 23815 | D:1      | Bought a wand of mindburst (8) for 144 gold pieces
 24057 | D:4      | Bought a potion of resistance for 110 gold pieces
 24057 | D:4      | Bought a potion of curing for 33 gold pieces
 24057 | D:4      | Bought a potion of curing for 33 gold pieces
 24057 | D:4      | Bought a potion of cancellation for 88 gold pieces
 24386 | Lair:3   | Reached skill level 1 in Evocations
 24390 | Lair:3   | Reached ****** piety under Uskayaw
 24653 | Lair:3   | Reached skill level 10 in Stealth
 24730 | Lair:3   | Reached skill level 10 in Short Blades
 25477 | Lair:3   | Found a staircase to the Swamp.
 25885 | Lair:4   | Reached skill level 5 in Fighting
 27235 | Lair:5   | Reached XP level 14. HP: 64/68 MP: 27/27
 27696 | Lair:5   | Noticed Josephine
 27702 | Lair:5   | Killed Josephine
 28140 | Lair:5   | Found a staircase to the Slime Pits.
 28141 | Lair:5   | Found a viscous altar of Jiyva.
 28414 | Lair:6   | Entered Level 6 of the Lair of Beasts
 28580 | Lair:6   | Reached skill level 11 in Stealth
 30705 | D:4      | Bought a scroll of enchant armour for 105 gold pieces
 30705 | D:4      | Bought a scroll of teleportation for 42 gold pieces
 30758 | D:4      | Bought a potion of berserk rage for 60 gold pieces
 30857 | D:9      | Bought 2 potions of curing for 180 gold pieces
 31001 | D:11     | Reached skill level 10 in Conjurations
 31008 | D:11     | Learned a level 3 spell: Confusing Touch
 31018 | D:11     | Found a staircase to the Orcish Mines.
 31680 | D:11     | Reached XP level 15. HP: 74/74 MP: 29/29
 32086 | D:12     | Noticed Sonja
 32096 | D:12     | Killed Sonja
 32210 | D:12     | Noticed Nessos
 32320 | D:12     | Killed Nessos
 32321 | D:12     | Reached skill level 5 in Evocations
 32479 | D:12     | Identified the +4 robe "Isymeyn" {*Corrode rPois rC+}
 32522 | D:12     | Found Jioxt's Antique Weapon Boutique.
 32729 | D:13     | Reached skill level 5 in Hexes
 32934 | D:13     | Reached skill level 5 in Dodging
 32965 | D:13     | Found a gate to the Vaults.
 33054 | D:13     | Reached skill level 12 in Stealth
 34250 | D:13     | Noticed Rupert
 34370 | D:14     | Reached skill level 10 in Translocations
 34713 | D:14     | Found a runed translucent gate.
 34714 | D:14     | Found a runed translucent gate.
 34714 | D:14     | Found a runed translucent gate.
 34714 | D:14     | Noticed Sennair's ghost (journeyman FoFi)
 35519 | D:15     | Entered Level 15 of the Dungeon
 35622 | D:15     | Found a staircase to the Depths.
 36219 | D:15     | Reached XP level 16. HP: 74/80 MP: 30/30
 36472 | D:15     | Found a glowing silver altar of Zin.
 36472 | D:15     | Found a white marble altar of Elyvilon.
 36472 | D:15     | Found a glowing golden altar of the Shining One.
 37124 | Orc:1    | Entered Level 1 of the Orcish Mines
 37173 | Orc:1    | Found Beschuumi's Book Shoppe.
 37394 | Orc:2    | Entered Level 2 of the Orcish Mines
 37428 | Orc:2    | Reached skill level 10 in Spellcasting
 38688 | Orc:2    | Reached skill level 10 in Invocations
 38862 | Orc:2    | Noticed Jorgrun
 38892 | Orc:2    | Killed Jorgrun
 38924 | Orc:2    | Found Oroxitis's Antique Armour Shop.
 39006 | Orc:2    | Found Edir's Antique Weapon Emporium.
 39107 | Orc:2    | Found a staircase to the Elven Halls.
 39338 | Orc:2    | Found Pulai's Book Boutique.
 40302 | Orc:2    | Found Cemeaw's General Store.
 40545 | Orc:2    | Found Foyk's Book Shoppe.
 40913 | Spider:1 | Entered Level 1 of the Spider Nest
 41462 | Lair:2   | Reached skill level 13 in Stealth
 42267 | D:12     | Bought a steaming broad axe for 288 gold pieces
 42267 | D:12     | Identified the +8 broad axe of Strategic Superiority
                  | {venom, Int+2} (You bought it in a shop on level 12 of the
                  | Dungeon)
 42596 | Spider:1 | Learned a level 3 spell: Swiftness
 43031 | Orc:1    | Bought a manual of Fighting for 1200 gold pieces
 43871 | Spider:2 | Reached skill level 1 in Air Magic
 44086 | Spider:2 | Reached XP level 17. HP: 85/85 MP: 26/32
 45136 | Spider:3 | Learned a level 4 spell: Fulminant Prism
 46902 | Spider:4 | Entered Level 4 of the Spider Nest
 47962 | Spider:4 | Reached skill level 14 in Stealth
 48279 | Spider:4 | Learned a level 5 spell: Iskenderun's Battlesphere
 49908 | Spider:4 | Reached skill level 10 in Fighting
 50726 | Spider:4 | Reached XP level 18. HP: 94/94 MP: 27/33
 51105 | Spider:4 | Reached skill level 5 in Air Magic
 51545 | Spider:4 | Got a gossamer rune of Zot
 51724 | Spider:4 | Learned a level 4 spell: Airstrike
 51724 | Spider:4 | Upgraded the game from 0.27-a0-1579-g97d2440184 to
                  | 0.27-a0-1590-g15f69828bf
 51968 | Swamp:1  | Entered Level 1 of the Swamp
 52242 | Swamp:1  | Acquired the Collected Works on Aerial Toxins
 52250 | Swamp:1  | Learned a level 5 spell: Lightning Bolt
 52340 | Swamp:1  | Reached skill level 1 in Axes
 52908 | Swamp:1  | Noticed Nikola
 52955 | Swamp:1  | Killed from afar by Nikola

Illustrated notes

Levels and vault maps discovered:
D:1:      heliophobic_arrival_dark_side_of_the_moon, layout_basic, serial_shops,
          nicolae_shop_crystal, palyth_stone_intersect, dk_noncrumbling_3,
          minmay_stone_trees_small
D:2:      layout_basic, serial_shops, nicolae_diamond_shop, uniq_jessica,
          uniq_sigmund
D:3:      layout_rooms, minmay_misc_feat_tiny, uniq_ijyb
D:4:      layout_rooms, serial_shops, shop_fountains, shop_coins, shop,
          uniq_robin
D:5:      layout_basic, chequers_temple_overflow_minitemple, nrook_uturn
D:6:      layout_basic, minmay_temple_entry_crystal_x
D:7:      layout_loops_corners, grunt_dithmenos_smoke_and_mirrors, serial_shops,
          nicolae_shop_crystal
D:8:      layout_basic, serial_bayou_crossing, uniq_maurice
D:9:      layout_loops_ring, zin_purify, serial_glass, glass_columns_c,
          glass_columns_b, unseen_surprise_small
D:10:     layout_irregular_city, lair_entry_dummy, uniq_erolcha
D:11:     layout_basic, orc_0_dummy
D:12:     layout_basic, serial_shops, shop, uniq_sonja, uniq_nessos
D:13:     layout_basic, skrybe_vaults_entry_preservation, lightli_minifort,
          uniq_rupert
D:14:     layout_irregular_city, chequers_serial_rivers_room_b,
          maelrawn_ghost_gauntlet_escape
D:15:     grunt_enter_depths_magical_seal, layout_irregular_city,
          good_gods_mini_temple, serial_ice, serial_ice_a, serial_ice_k,
          serial_ice_h, serial_ice_g
Temple:   regret_index_temple_sphere_string
Lair:1:   layout_chaotic_city, grunt_megastairs_1, lemuel_fruit_tree,
          uniq_maggie
Lair:2:   layout_regular_city, spider_nest_entry_web_field, uniq_nergalle
Lair:3:   layout_cave_pods, palyth_hydra_swamp_entry, basic_altar,
          infiniplex_staircase_pool_2
Lair:4:   layout_cave_pods
Lair:5:   layout_regular_city, slime_altar_1, st_stairs_5, uniq_josephine
Lair:6:   wormcave, layout_gridlike, guppyfry_lair_end_dragon
Swamp:1:  layout_basic_swamp, evilmike_swamp_ruin_rubble_1, uniq_nikola
Spider:1: layout_spider_delve
Spider:2: layout_spider_delve
Spider:3: layout_spider_delve
Spider:4: grunt_spider_rune_parallel
Orc:1:    layout_caves, basic_altar, serial_shops, shop
Orc:2:    grunt_orc_gardens, layout_diamond_mine, grunt_orc_garden,
          grunt_orc_garden, grunt_orc_garden, grunt_orc_garden, serial_shops,
          nicolae_diamond_shop, mines1_david, uniq_jorgrun

Skill      XL: |  1  2  3  4  5  6  7  8  9 10 11 12 13 14 15 16 17 18 |
---------------+-------------------------------------------------------+-----
Dodging        | 2 4 5 6 |  6.4
Stealth        | 3 4 5 6 8 9 10 11 12 13 14 | 14.8
Fighting       | 1 2 3 4 5 6 7 8 10 | 10.8
Short Blades   | 1 2 3 5 7 8 9 10 | 10.0
Conjurations   | 5 6 7 8 9 10 11 | 11.9
Spellcasting   | 3 4 5 6 7 8 9 10 | 10.6
Translocations | 2 3 4 5 6 7 8 9 10 | 10.9
Invocations    | 2 3 4 6 8 9 10 11 | 11.2
Hexes          | 2 3 4 5 7 8 9 |  9.1
Shields        | 1 3 4 |  4.0
Armour         | 3 4 |  4.0
Evocations     | 3 4 5 6 7 |  7.0
Air Magic      | 1 4 5 |  5.6
Axes           | 1 |  1.6

Action                   |  1- 3 |  4- 6 |  7- 9 | 10-12 | 13-15 | 16-18 || total
-------------------------+-------+-------+-------+-------+-------+-------++-------
Melee: Dagger            |    88 |    68 |   140 |   558 |  1373 |  1881 ||  4108
       Bite              |    13 |    16 |    46 |   189 |   555 |   741 ||  1560
Throw: Javelin           |       |       |       |       |     1 |       ||     1
 Cast: Magic Dart        |    53 |   100 |   129 |   137 |   233 |   591 ||  1243
       Searing Ray       |       |     3 |     9 |    14 |     8 |     9 ||    43
       Iskenderun's Myst |       |       |       |     2 |    33 |    77 ||   112
       Confusing Touch   |       |       |       |       |     3 |     8 ||    11
       Dazzling Flash    |       |       |       |       |     2 |       ||     2
       Iskenderun's Batt |       |       |       |       |       |     5 ||     5
       Fulminant Prism   |       |       |       |       |       |     1 ||     1
Invok: Stomp             |       |       |       |     2 |     1 |     1 ||     4
       Grand Finale      |       |       |       |       |     2 |     4 ||     6
       Line Pass         |       |       |       |       |       |     2 ||     2
Evoke: Wand              |       |       |       |     9 |    11 |    10 ||    30
       Tin of tremorston |       |       |       |       |       |     1 ||     1
  Use: Scroll            |     2 |    10 |     9 |    16 |    10 |     5 ||    52
       Potion            |       |     1 |     2 |     2 |     3 |    10 ||    18
 Stab: Sleeping          |     3 |     1 |       |    10 |    30 |    13 ||    57
       Paralysed         |       |       |     5 |    38 |   103 |   118 ||   264
       Distracted        |       |       |       |     1 |     8 |     5 ||    14
       Confused          |       |       |       |       |     2 |     9 ||    11
       Petrified         |       |       |       |       |     1 |       ||     1
       Held in net/web   |       |       |       |       |       |     3 ||     3
Armor: Robe              |    29 |    26 |    34 |    65 |    46 |       ||   200
       Ring mail         |       |       |       |    74 |   264 |   610 ||   948
Dodge: Dodged            |    68 |    47 |    73 |   225 |   303 |   625 ||  1341
Block: Buckler           |       |       |       |    43 |   242 |   493 ||   778

Table legend: (Time is in decaauts)
 A = Elapsed time spent in this place.
 B = Non-inter-level travel time spent in this place.
 C = Inter-level travel time spent in this place.
 D = Time resting spent in this place.
 E = Time spent auto-exploring this place.
 F = Levels seen in this place.
 G = Mean time per level.
                   A        B        C        D        E       F      G
               +--------+--------+--------+--------+--------+-----+--------+
         Total |  50640 |  46729 |   3911 |  23089 |  15194 |  29 | 1746.2 |
       Dungeon |  27657 |  24925 |   2732 |  12900 |   8230 |  15 | 1843.8 |
        Temple |    329 |    319 |     10 |    100 |    160 |   1 |  329.0 |
          Lair |  10206 |   9360 |    846 |   3901 |   3671 |   6 | 1701.0 |
         Swamp |    899 |    899 |      0 |    389 |    137 |   1 |  899.0 |
   Spider Nest |   8688 |   8488 |    200 |   4633 |   2079 |   4 | 2172.0 |
  Orcish Mines |   2859 |   2739 |    120 |   1166 |    916 |   2 | 1429.5 |
               +--------+--------+--------+--------+--------+-----+--------+

Top non-repeatable levels by time:
Spider:4: 3206 daAuts
     D:1: 3033 daAuts
Spider:3: 2932 daAuts
  Lair:2: 2887 daAuts
     D:7: 2701 daAuts
     D:8: 2669 daAuts
     D:6: 2205 daAuts
    D:10: 2161 daAuts
    D:11: 2044 daAuts
  Lair:6: 1978 daAuts
Spider:2: 1957 daAuts
     D:2: 1900 daAuts
     D:9: 1843 daAuts
   Orc:2: 1701 daAuts
     D:3: 1683 daAuts
